 Dungeon Sprint DCSS version 0.31-a0-801-gc67433417a (webtiles) character file.

Game seed: 11202926973845690460

119 Revguard the Ruffian (level 4, -3/42 HPs)
             Began as a Draconian Shapeshifter on Sept 20, 2023.
             Was a Follower of Jiyva.
             Slain by a death cob (9 damage)
             ... in the Dungeon (Sprint V: "Ziggurat Sprint").
             The game lasted 00:03:26 (244 turns).

Revguard the Ruffian (Draconian Shapeshifter)        Turns: 244, Time: 00:03:26

Health: -3/42      AC:  5    Str: 17    XL:     4   Next: 74%
Magic:  4/4        EV: 15    Int: 10    God:    Jiyva [*.....]
Gold:   0          SH:  0    Dex: 24    Spells: 3/3 levels left

rFire   + . .        E - +5 quick blade
rCold   + . .        (no shield)
rNeg    . . .        (body armour unavailable)
rPois   +            (helmet currently unavailable)
rElec   +            (cloak currently unavailable)
rCorr   +            (gloves currently unavailable)
SInv    .            (boots currently unavailable)
Will    .....        (no amulet)
Stlth   ++           w - +6 ring of dexterity
HPRegen 1.07/turn    v - +6 ring of dexterity
MPRegen 0.34/turn

%: no teleportation
@: beast-form, resistant, slowed, very slow
A: beast (slay +2), AC +5, unfitting armour, cold-blooded
a: Begin Untransformation, Renounce Religion


You were in the Dungeon.
You worshipped Jiyva.
Jiyva was aware of your devotion.
You were a hulking beast.
You visited 1 branch

Inventory:

Hand Weapons
 E - a +5 quick blade (weapon)
Jewellery
 m - a ring of positive energy
 u - a ring of flight
 v - a +6 ring of dexterity (right hand)
 w - a +6 ring of dexterity (left hand)
 x - a +6 ring of intelligence
 y - a +6 ring of intelligence
 z - a +6 ring of strength
 A - a +6 ring of strength
 F - a ring of fire
Talismans
 b - a beast talisman (active)
 c - a flux talisman
 B - a blade talisman
 C - a maw talisman
 D - a serpent talisman
Wands
 s - a wand of mindburst (6)
Scrolls
 o - 4 scrolls of amnesia
 p - 7 scrolls of fog
 q - 5 scrolls of identify
 r - 2 scrolls of fear
 G - a scroll of brand weapon
Potions
 a - a potion of lignification
 d - 10 potions of curing
 e - 9 potions of heal wounds
 f - 6 potions of haste
 g - 7 potions of magic
 h - 3 potions of berserk rage
 j - 2 potions of brilliance
 k - 2 potions of invisibility
 l - 3 potions of resistance
 n - 5 potions of might


   Skills:
 + Level 5.0 Fighting
 - Level 2.7 Short Blades
 + Level 4.5 Dodging
 + Level 5.4 Unarmed Combat
 + Level 4.3 Evocations
 + Level 5.1 Shapeshifting


You had 3 spell levels left.
You didn't know any spells.
Your spell library contained the following spells:

 Spells                   Type           Power      Damage    Failure   Level
 Momentum Strike          Conj/Tloc      0%         3d8       50%         2
 Hailstorm                Conj/Ice       0%         3d3       75%         3
 Fulminant Prism          Conj/Hex       0%         3d5       98%         4
 Iskenderun's Mystic Bla  Conj/Tloc      0%         2d3       98%         4
 Summon Ice Beast         Ice/Summ       0%         N/A       98%         4
 Summon Forest            Summ/Tloc      0%         N/A       100%        5
 Eringya's Noxious Bog    Tmut/Pois      0%         4d6       100%        6
 Leda's Unmaking          Conj/Erth      0%         9d1       100%        6
 Simulacrum               Ice/Necr       0%         N/A       100%        6
 Summon Hydra             Summ           0%         N/A       100%        7


Dungeon Overview and Level Annotations

Branches:
Dungeon (1/1)

Altars:
Ashenzari
Cheibriados
Dithmenos
Elyvilon
Fedhas
Gozag
Hepliaklqana
Kikubaaqudgha
Makhleb
Nemelex Xobeh
Okawaru
Qazlal
Ru
Sif Muna
Trog
Uskayaw
Vehumet
Wu Jian
Xom
Yredelemnul
Zin
The Shining One
Jiyva
Lugonu

Annotations:
D 1 transporter


Innate Abilities, Weirdness & Mutations

You are a hulking beast.
Your limbs bulge with bestial killing power. (Slay +2)
Your plain brown scales are hard. (AC +5)
You cannot fit into any form of body armour.
You are cold-blooded and may be slowed by cold attacks.


Message History

Press: ? - help, Dir - move target, p - draconian
As you read the scroll of blinking, it crumbles to dust.
Aiming: Mindburst
Press: ? - help, Shift-Dir - straight line, f - death cob
Aim: a death cob (heavily damaged, wandering, blind, hasn't noticed you, chance to affect: 66%)
The death cob struggles to resist.
Aiming: Bolt of Light
Press: ? - help, Shift-Dir - straight line, f/p - death cob
Aim: a death cob (heavily damaged, wandering, blind, hasn't noticed you, 57% to hit)
The bolt of light misses the death cob.
The draconian is no longer blind.
The death cob closely misses you.
Aiming: Bolt of Light
Press: ? - help, Shift-Dir - straight line, f - draconian, p - death cob
Aim: a draconian, wielding a +0 trident (lightly wounded, blind, 71% to hit)
The bolt of light hits the death cob!
The death cob is severely damaged.
The bolt of light hits the draconian!!
The draconian is moderately wounded.
The now-empty wand crumbles to dust.
The death cob is no longer blind.
The death cob closely misses you. The death cob hits you!
The death cob drains your vigour!
You feel yourself slow down. The death cob hits you!
* * * LOW HITPOINT WARNING * * *
The death cob drains your vigour!
You feel as though you will be slow longer.
You feel much better.
The draconian is no longer blind.
The death cob hits you!!
Ouch! That really hurt!
* * * LOW HITPOINT WARNING * * *
The death cob drains your vigour!
You feel as though you will be slow longer.
The death cob barely misses you.
The death cob hits you but does no damage.
The death cob completely misses you.
Blink to where?
Press: ? - help, Dir - move target, p - draconian
As you read the scroll of blinking, it crumbles to dust.
You feel protected. The death cob hits you!
You die...

▓..©..▓..©..▓▓▓▓▓
▓▓▓▓▓▓▓▓▓▓▓▓▓▓
▓..8©8..d▓
▓..|)|...▓
▓...)....▓
▓..d.....▓
▓........▓
▓.z.d....▓
▓h..©....▓
▓▓▓▓▓▓▓▓▓▓


You could see a death cob and 3 draconians.

Vanquished Creatures
  A phantom (D)
  An orc priest (D)
  An adder zombie (D)
  2 orcs (D)
  A bat zombie (D)
  A quokka skeleton (D)
  2 fire vortices (D)
9 creatures vanquished.

Vanquished Creatures (others)
  A fire dragon (shapeshifter) (D)
  A lindwurm (shapeshifter) (D)
  A manticore (shapeshifter) (D)
  An eye of devastation (shapeshifter) (D)
  A torpor snail (shapeshifter) (D)
  A dream sheep (shapeshifter) (D)
  2 slime creatures (shapeshifter) (D)
  A yak (shapeshifter) (D)
  2 redbacks (shapeshifter) (D)
  A neqoxec (D)
  A swamp worm (shapeshifter) (D)
13 creatures vanquished.

Grand Total: 22 creatures vanquished

Notes
Turn   | Place    | Note
-------+----------+-------------------------------------------
     0 | D        | Revguard the Draconian Shapeshifter began the quest for the
                  | Orb.
     0 | D        | Reached XP level 1. HP: 16/16 MP: 1/1
     0 | D        | Found a blossoming altar of Fedhas.
     0 | D        | Found the +6 Majin-Bo {spellvamp, MP+6 Int+6}
     0 | D        | Found the +27 heavy crossbow "Sniper" {heavy, Acc+∞ SInv}
     0 | D        | Found the +10 dark maul {heavy}
     0 | D        | Found the +15 Maxwell's patent armour {-Cast -Tele rElec
                  | Will+ rCorr}
     0 | D        | Found the +18 shield of the Gong {Loud rN+ Will+ rCorr
                  | EV-5}
     0 | D        | Found the +16 obsidian axe {drain, demonic, Mesm Drain Fly
                  | SInv}
     0 | D        | Found the +7 great mace "Firestarter" {flame, immolate,
                  | rFlCloud rF++}
     0 | D        | Found the +6 shillelagh "Devastator" {shatter}
     0 | D        | Found the +11 plutonium sword {Contam Stlth-}
     0 | D        | Found the +8 lance "Wyrmbane" {slay drac, rPois rF+ rC+
                  | AC+3}
     0 | D        | Found the +9 sword of Zonguldrok {reap}
     0 | D        | Found the +13 scythe of Curses {drain, curses, Drain}
     0 | D        | Found the +9 sword of Power {lifebolt}
     0 | D        | Found the +7 mace of Variability {chaos, chaos arc}
     0 | D        | Found the +11 Singing Sword {sonic wave}
     0 | D        | Found the +8 storm bow {elec, penet}
     1 | D        | Found a shimmering blue altar of Sif Muna.
     1 | D        | Found a sacrificial altar of Ru.
     1 | D        | Found a bloodstained altar of Trog.
     1 | D        | Found a stormy altar of Qazlal.
     1 | D        | Found an iron altar of Okawaru.
     1 | D        | Found a sparkling altar of Nemelex Xobeh.
     3 | D        | Found a transporter.
     3 | D        | Found an ancient bone altar of Kikubaaqudgha.
     3 | D        | Found a viscous altar of Jiyva.
     3 | D        | Found a corrupted altar of Lugonu.
     3 | D        | Found a hazy altar of Hepliaklqana.
     3 | D        | Found a burning altar of Makhleb.
     3 | D        | Found an opulent altar of Gozag.
    39 | D        | Became a worshipper of Jiyva Juxuf the Shapeless
    46 | D        | Killed a torpor snail
    48 | D        | Killed a lindwurm
    53 | D        | Reached XP level 2. HP: 26/26 MP: 2/2
    57 | D        | Entered arena 2.
    57 | D        | Found a transporter.
    73 | D        | Entered arena 3.
    73 | D        | Found a transporter.
    81 | D        | Reached XP level 3. HP: 21/33 MP: 3/3
   115 | D        | Killed a slime creature
   127 | D        | Entered arena 4.
   127 | D        | Noticed a phantom
   127 | D        | Found a transporter.
   135 | D        | Killed a slime creature
   136 | D        | Killed a phantom
   137 | D        | Reached skill level 5 in Fighting
   137 | D        | Reached skill level 5 in Unarmed Combat
   137 | D        | Reached skill level 5 in Shapeshifting
   137 | D        | Reached XP level 4. HP: 17/42 MP: 4/4
   142 | D        | Got Tiuner's Catalogue of Percussion
   146 | D        | Killed a redback
   147 | D        | Killed a redback
   152 | D        | Killed a manticore
   153 | D        | Killed a neqoxec
   163 | D        | Killed an eye of devastation
   178 | D        | Killed a swamp worm
   181 | D        | Killed a dream sheep
   207 | D        | Killed a yak
   218 | D        | Killed a fire dragon
   230 | D        | Entered arena 5.
   230 | D        | Noticed a draconian
   230 | D        | Noticed a draconian
   230 | D        | Noticed a draconian
   230 | D        | Noticed a death cob
   230 | D        | Reached * piety under Jiyva
   230 | D        | Found a transporter.
   244 | D        | Slain by a death cob

Illustrated notes

Levels and vault maps discovered:
D:        sprint_v [room_start, room_1, room_2, room_3, room_4, room_5, room_6,
          room_7, room_8, room_9, room_10, room_11, room_12, room_13, room_14,
          room_15, room_16, room_17, room_18, room_19, room_20, room_21,
          room_22, room_23, room_24, room_25, room_26, room_27]

Skill      XL: |  1  2  3 |
---------------+----------+-----
Fighting       | 3 5 |  5.0
Short Blades   | 2 |  2.7
Dodging        | 3 4 |  4.5
Unarmed Combat | 4 5 |  5.4
Evocations     | 2 3 4 |  4.3
Shapeshifting  | 4 5 |  5.1

Action                     |  1- 3 |  4- 6 || total
---------------------------+-------+-------++-------
  Melee: Quick blade       |    46 |     1 ||    47
         Tailslap          |     7 |       ||     7
         Punch             |     1 |       ||     1
  Evoke: Wand              |       |     8 ||     8
    Use: Potion            |     1 |     2 ||     3
         Scroll            |       |     4 ||     4
 Armour: Skin              |    15 |     9 ||    24
  Dodge: Dodged            |    29 |     5 ||    34

Table legend: (Time is in decaauts)
 A = Elapsed time spent in this place.
 B = Non-inter-level travel time spent in this place.
 C = Inter-level travel time spent in this place.
 D = Time resting spent in this place.
 E = Time spent auto-exploring this place.
 F = Levels seen in this place.
 G = Mean time per level.
                   A        B        C        D        E       F      G
               +--------+--------+--------+--------+--------+-----+--------+
         Total |    246 |    246 |      0 |    115 |      0 |   1 |  246.0 |
       Dungeon |    246 |    246 |      0 |    115 |      0 |   1 |  246.0 |
               +--------+--------+--------+--------+--------+-----+--------+

Top non-repeatable levels by time:
       D: 246 daAuts
